 Dungeon Crawl Stone Soup version 0.23.2-1-ga50397a6bc (webtiles) character file.

Game seed: 6620938619280772619

252 Gargoyl the Skirmisher (level 5, -3/46 HPs)
             Began as a Centaur Abyssal Knight on May 22, 2019.
             Was a Believer of Lugonu.
             Slain by a hippogriff (7 damage)
             ... on level 4 of the Dungeon.
             The game lasted 00:04:46 (3589 turns).

Gargoyl the Skirmisher (Centaur Abyssal Knight)     Turns: 3589, Time: 00:04:47

Health: -3/46      AC: 10    Str: 15    XL:     5   Next: 89%
Magic:  7/7        EV:  9    Int: 11    God:    Lugonu [**....]
Gold:   144        SH:  0    Dex:  9    Spells: 4/4 levels left

rFire    . . .     SeeInvis .   a - +3 hand axe
rCold    + . .     Gourm    .   (no shield)
rNeg     . . .     Faith    .   d - +1 ring mail {rC+}
rPois    .         Spirit   .   i - +2 helmet
rElec    .         Reflect  .   (no cloak)
rCorr    .         Harm     .   (no gloves)
MR       +....     Rnd*Tele +   (no barding)
Stlth    ..........             (no amulet)
HPRegen  0.15/turn              b - ring of protection from magic (curse)
MPRegen  0.10/turn              l - ring of teleportation (curse)

@: very quick
A: large, hooves 3, deformed body, speed 2, tough skin 3
a: Depart the Abyss, Bend Space, Renounce Religion


You were on level 4 of the Dungeon.
You worshipped Lugonu.
Lugonu was pleased with you.
You were not hungry.

You visited 1 branch of the dungeon, and saw 4 of its levels.
You visited the Abyss 1 time.

You collected 144 gold pieces.

Inventory:

Hand Weapons
 a - a +3 hand axe (weapon)
Armour
 d - a +1 ring mail of cold resistance (worn)
 i - a +2 helmet (worn)
Jewellery
 b - a cursed ring of protection from magic (left hand)
 l - a cursed ring of teleportation (right hand)
 n - an uncursed ring of see invisible {unknown}
Scrolls
 f - 2 scrolls of identify
Potions
 e - a potion of resistance
 g - a potion of haste
 h - a potion of curing
 k - a potion of cancellation
Comestibles
 c - 5 rations
 m - 4 chunks of flesh


   Skills:
 + Level 3.7 Fighting
 + Level 3.3 Axes
 * Level 2.5 Armour
 * Level 1.9 Dodging
 * Level 3.0 Invocations


You had 4 spell levels left.
You didn't know any spells.
Your spell library was empty.

Dungeon Overview and Level Annotations

Branches:
Dungeon (4/15)
 Temple: D:4-7

Altars:
Kikubaaqudgha


Innate Abilities, Weirdness & Mutations

You have hooves in place of feet.
Armour fits poorly on your strangely shaped body.
You cover ground very quickly.
You have extremely tough skin. (AC +3)


Message History

The hippogriff pecks you but does no damage.
The hippogriff claws you! The hippogriff bites you!
* * * LOW HITPOINT WARNING * * *
The hippogriff pecks you but does no damage.
The hippogriff claws you but does no damage.
You slash the hippogriff! Your kick misses the hippogriff.
The hippogriff is almost dead.
The hippogriff barely misses you. The hippogriff pecks you.
* * * LOW HITPOINT WARNING * * *
The hippogriff closely misses you.
Unknown command.
You open the door.
A gnoll comes into view.
There is an open door here.
You barely miss the gnoll. Your kick misses the gnoll.
The gnoll hits you but does no damage.
You hit the gnoll.
The gnoll is heavily wounded.
You hit the hippogriff. The hippogriff bites you!
You die...

## .## #.## ##.#
##+## #.## ##...##
.## ##.....## ## #
##.......## #
#...####.........#
#
......g@.........+
#
####.###H........#
# ##.......## #
##.....## #
####...## #
#......# #
#.###..# #
#####.###..### #
)............#


You could see a hippogriff and a gnoll.

Vanquished Creatures
  A crimson imp (D:3)
  An orc priest (D:4)
  2 worker ants (D:4)
  4 adders
  3 oozes
  4 worms
  5 dart slugs
  2 leopard geckos
  3 orcs
  7 giant cockroaches
  5 goblins
  5 hobgoblins
  4 jackals (D:3)
  6 kobolds
  2 ball pythons
  6 bats
  4 frilled lizards
  4 rats
68 creatures vanquished.

Notes
Turn   | Place    | Note
-------+----------+-------------------------------------------
     0 | Abyss:1  | Gargoyl the Centaur Abyssal Knight began the quest for the
                  | Orb.
     0 | Abyss:1  | Reached XP level 1. HP: 19/19 MP: 2/2
   106 | Abyss:1  | Noticed a large abomination
   120 | Abyss:1  | Noticed a small abomination
   127 | Abyss:1  | Noticed a deep elf sorcerer
   136 | Abyss:1  | Found a corrupted altar of Lugonu.
   137 | Abyss:1  | Noticed a small abomination
   148 | Abyss:1  | Noticed a large abomination
   162 | Abyss:1  | Noticed a tentacled starspawn
   173 | Abyss:1  | Noticed a smoke demon
   184 | D:1      | Escaped the Abyss
   444 | D:1      | Reached * piety under Lugonu
   462 | D:1      | Reached XP level 2. HP: 20/26 MP: 3/3
   563 | D:1      | Reached skill level 1 in Dodging
   819 | D:1      | Reached XP level 3. HP: 27/31 MP: 4/4
  1661 | D:2      | Reached XP level 4. HP: 36/38 MP: 5/5
  1723 | D:2      | Reached ** piety under Lugonu
  1769 | D:2      | Found an ancient bone altar of Kikubaaqudgha.
  1893 | D:2      | Found a faded altar of an unknown god.
  2527 | D:3      | Reached XP level 5. HP: 44/45 MP: 5/7
  3545 | D:4      | Noticed a hippogriff
  3574 | D:4      | HP: 2/46 [hippogriff (5)]
  3589 | D:4      | Slain by a hippogriff

Skill      XL: |  1  2  3  4  5 |
---------------+----------------+-----
Axes           | 2 3 |  3.3
Dodging        | 1 |  1.9
Armour         | 2 |  2.5
Invocations    | 3 |  3.0
Fighting       | |  3.7

Action                   |  1- 3 |  4- 6 || total
-------------------------+-------+-------++-------
Melee: Hand axe          |   117 |   122 ||   239
       Kick              |    16 |    23 ||    39
Invok: Depart the Abyss  |     1 |       ||     1
  Use: Scroll            |       |     8 ||     8
       Potion            |       |     2 ||     2
  Eat: Chunk             |     2 |     5 ||     7
Armor: Ring mail         |    67 |   114 ||   181
Dodge: Dodged            |    49 |    57 ||   106
